PBL
SAN FRANCISCO GIANTS @ MIAMI MARLINS
05/01/2071
 
TOP OF THE 1ST
San Francisco Giants batting - Pitching for Miami Marlins : RHP Raúl Romero
Pitching: RHP Raúl Romero
Batting: RHB Jorge Luna 0-0: Ball
1-0: Foul Ball, location: 2F
1-1: Swinging Strike
1-2: Ball
2-2: Ground out 1-3 (Groundball, 34S, EV 72.5 MPH)
Batting: SHB Jesús Sosa 0-0: DOUBLE (Line Drive, 9LS, EV 101.9 MPH)
Batting: LHB Denis Gustafson 0-0: Ball
1-0: Ground out 4-3 (Groundball, 4, EV 85.0 MPH)
Jesús Sosa to third
Batting: RHB Luis Miranda 0-0: Foul Ball, location: 5F
0-1: Ball
1-1: Foul Ball, location: 2F
1-2: Strikes out looking
Top of the 1st over - 0 runs, 1 hit, 0 errors, 1 left on base; San Francisco 0 - Miami 0
BOTTOM OF THE 1ST
Miami Marlins batting - Pitching for San Francisco Giants : RHP Noriyuki Ine
Pitching: RHP Noriyuki Ine
Batting: LHB Javier Gonzáles 0-0: Ball
1-0: Ball
2-0: Ball
3-0: Ground out U3 (Groundball, 23, EV 79.4 MPH)
Batting: LHB Ray Turner 0-0: Ball
1-0: Ball
2-0: SINGLE (Line Drive, 7S, EV 96.9 MPH)
Batting: RHB Hidetsugu Fujii 0-0: Ball
1-0: Ball
2-0: Called Strike
2-1: Called Strike
2-2: Ball
3-2: DOUBLE (Line Drive, 89M, EV 98.8 MPH)
Ray Turner to third
Batting: RHB Michael Barnes 0-0: Called Strike
0-1: Swinging Strike
0-2: Ball
1-2: Ball
2-2: Strikes out swinging
Batting: LHB Zak Tyack 0-0: Ball
1-0: Foul Ball, location: 5F
1-1: Ball
2-1: Foul Ball, location: 2RF
2-2: DOUBLE (Line Drive, 7LM, EV 103.8 MPH)
Ray Turner scores
Hidetsugu Fujii scores
Batting: LHB José Romero 0-0: Called Strike
0-1: SINGLE (Line Drive, 56D, EV 105.0 MPH)
Zak Tyack to third
Runner from 3rd tries for Home, SAFE, throw by LF to home
Batting: RHB Emiel Moree 0-0: Foul Ball, location: 2F
0-1: Ball
1-1: Foul Ball, location: 9LMF
1-2: Ball
2-2: Ball
3-2: Foul Ball, location: 5F
3-2: DOUBLE (Line Drive, 9LS, EV 105.0 MPH)
José Romero to third
José Romero scores
Batting: RHB Chuck Ellis 0-0: Called Strike
0-1: Ball
1-1: SINGLE (Line Drive, 6D, EV 97.5 MPH)
Emiel Moree to third
Runner from 3rd tries for Home, SAFE, throw by CF to home
Batting: RHB Mike Allen 0-0: Ball
1-0: Called Strike
1-1: Ground out 5-3 (Groundball, 25, EV 81.9 MPH)
Bottom of the 1st over - 5 runs, 6 hits, 0 errors, 1 left on base; San Francisco 0 - Miami 5
TOP OF THE 2ND
San Francisco Giants batting - Pitching for Miami Marlins : RHP Raúl Romero
Batting: RHB Rex Tolmie 0-0: Called Strike
0-1: Ball
1-1: Foul Ball, location: 9LSF
1-2: SINGLE (Groundball, 34D, EV 96.9 MPH)
Batting: RHB Rafael Pérez 0-0: Called Strike
Rex Tolmie steals 2nd base
0-1: Foul Ball, location: 2F
0-2: Ball
1-2: Foul Ball, location: 7LDF
1-2: Foul Ball, location: 2F
1-2: Ball
2-2: Ball
3-2: Ground out 6-3 (Groundball, 6MD, EV 101.9 MPH)
Rex Tolmie to third
Batting: RHB Juan Guzmán 0-0: Ball
1-0: Ball
2-0: Fly out, F9 (Flyball, 89M, EV 96.9 MPH)
Runner from 3rd tags up, SCORES, no throw by RF
Batting: RHB Elmer Encarnación 0-0: Called Strike
0-1: Ball
1-1: Ball
2-1: Ball
3-1: SINGLE (Groundball, 4MD, EV 100.0 MPH)
Batting: RHB John Trevenot 0-0: Called Strike
Elmer Encarnación steals 2nd base
0-1: Called Strike
0-2: Ball
1-2: Strikes out looking
Top of the 2nd over - 1 run, 2 hits, 0 errors, 1 left on base; San Francisco 1 - Miami 5
BOTTOM OF THE 2ND
Miami Marlins batting - Pitching for San Francisco Giants : RHP Noriyuki Ine
Batting: LHB Javier Gonzáles 0-0: Called Strike
0-1: Called Strike
0-2: Ground out 6-3 (Groundball, 6, EV 85.6 MPH)
Batting: LHB Ray Turner 0-0: Ground out 4-3 (Groundball, 4, EV 82.5 MPH)
Batting: RHB Hidetsugu Fujii 0-0: Called Strike
0-1: Called Strike
0-2: Strikes out swinging
Bottom of the 2nd over - 0 runs, 0 hits, 0 errors, 0 left on base; San Francisco 1 - Miami 5
TOP OF THE 3RD
San Francisco Giants batting - Pitching for Miami Marlins : RHP Raúl Romero
Batting: RHB Jorge Luna 0-0: Ball
1-0: Ball
2-0: Swinging Strike
2-1: Ball
3-1: Base on Balls
Batting: SHB Jesús Sosa 0-0: Foul Ball, location: 2F
0-1: Fielders Choice at 2nd, 4-6 (Groundball, 4, EV 105.0 MPH)
Batting: LHB Denis Gustafson 0-0: Fielders Choice at 2nd, 4-6 (Groundball, 4S, EV 83.8 MPH)
Batting: RHB Luis Miranda 0-0: Called Strike
0-1: Ball
1-1: Ball
2-1: Swinging Strike
2-2: Foul Ball, location: 5FF
2-2: Foul Ball, location: 2F
2-2: Ball
3-2: Fly out, F8 (Flyball, 8LXD, EV 90.0 MPH)
Top of the 3rd over - 0 runs, 0 hits, 0 errors, 1 left on base; San Francisco 1 - Miami 5
BOTTOM OF THE 3RD
Miami Marlins batting - Pitching for San Francisco Giants : RHP Noriyuki Ine
Now at 3B: Donald Barnes
Batting: RHB Michael Barnes 0-0: Called Strike
0-1: Ball
1-1: Ball
2-1: Swinging Strike
2-2: Foul Ball, location: 9LMF
2-2: Fly out, F3 (Popup, 34, EV 81.9 MPH)
Batting: LHB Zak Tyack 0-0: Foul Ball, location: 3F
0-1: Swinging Strike
0-2: Fly out, F8 (Flyball, 8LD, EV 95.0 MPH)
Batting: LHB José Romero 0-0: Called Strike
0-1: Ball
1-1: Foul Ball, location: 23FF
1-2: Ball
2-2: Strikes out swinging
Bottom of the 3rd over - 0 runs, 0 hits, 0 errors, 0 left on base; San Francisco 1 - Miami 5
TOP OF THE 4TH
San Francisco Giants batting - Pitching for Miami Marlins : RHP Raúl Romero
Batting: RHB Rex Tolmie 0-0: Ground out 5-3 (Groundball, 56, EV 81.9 MPH)
Batting: RHB Rafael Pérez 0-0: Ball
1-0: Fly out, F8 (Line Drive, 8LD, EV 87.5 MPH)
Batting: RHB Juan Guzmán 0-0: Ground out U3 (Groundball, 34S, EV 70.6 MPH)
Top of the 4th over - 0 runs, 0 hits, 0 errors, 0 left on base; San Francisco 1 - Miami 5
BOTTOM OF THE 4TH
Miami Marlins batting - Pitching for San Francisco Giants : RHP Noriyuki Ine
Pitching: RHP Richard Dooley
Batting: RHB Emiel Moree 0-0: Ball
1-0: Ball
2-0: Foul Ball, location: 2LF
2-1: Fly out, F4 (Flyball, 4MD, EV 98.8 MPH)
Batting: RHB Chuck Ellis 0-0: Called Strike
0-1: Ground out 4-3 (Groundball, 4M, EV 86.9 MPH)
Batting: RHB Mike Allen 0-0: Called Strike
0-1: Called Strike
0-2: Ball
1-2: Strikes out swinging
Bottom of the 4th over - 0 runs, 0 hits, 0 errors, 0 left on base; San Francisco 1 - Miami 5
TOP OF THE 5TH
San Francisco Giants batting - Pitching for Miami Marlins : RHP Raúl Romero
Batting: RHB Elmer Encarnación 0-0: Called Strike
0-1: Ball
1-1: Foul Ball, location: 2F
1-2: Ground out 5-3 (Groundball, 56, EV 101.9 MPH)
Batting: RHB John Trevenot 0-0: Called Strike
0-1: Called Strike
0-2: Foul Ball, location: 3SF
0-2: Strikes out swinging
Batting: LHB Donald Barnes 0-0: Ball
1-0: Ball
2-0: Called Strike
2-1: Ball
3-1: Fly out, F4 (Popup, 13, EV 79.4 MPH)
Top of the 5th over - 0 runs, 0 hits, 0 errors, 0 left on base; San Francisco 1 - Miami 5
BOTTOM OF THE 5TH
Miami Marlins batting - Pitching for San Francisco Giants : RHP Richard Dooley
Batting: LHB Javier Gonzáles 0-0: Ball
1-0: Ground out 6-3 (Groundball, 6, EV 105.6 MPH)
Batting: LHB Ray Turner 0-0: Foul Ball, location: 7LSF
0-1: Foul Ball, location: 23FF
0-2: Ball
1-2: Ground out 5-3 (Groundball, 56, EV 95.0 MPH)
Batting: RHB Hidetsugu Fujii 0-0: Called Strike
0-1: Ball
1-1: Ball
2-1: SINGLE (Groundball, 6MS, EV 62.5 MPH) (infield hit)
Batting: RHB Michael Barnes 0-0: Ball
1-0: Ball
2-0: Called Strike
2-1: Ball
3-1: Called Strike
3-2: Base on Balls
Hidetsugu Fujii to second
Batting: LHB Zak Tyack 0-0: Fly out, F7 (Flyball, 7S, EV 91.3 MPH)
Bottom of the 5th over - 0 runs, 1 hit, 0 errors, 2 left on base; San Francisco 1 - Miami 5
TOP OF THE 6TH
San Francisco Giants batting - Pitching for Miami Marlins : RHP Raúl Romero
Batting: SHB Jesús Sosa 0-0: Ball
1-0: SINGLE (Groundball, 6MD, EV 103.1 MPH)
Batting: LHB Denis Gustafson 0-0: Ball
1-0: Called Strike
1-1: Called Strike
1-2: Strikes out looking
Batting: RHB Luis Miranda 0-0: Fly out, F1 (Line Drive, P, EV 64.4 MPH)
Lined into DP, 1-3 (Line Drive, P, EV 64.4 MPH)
Top of the 6th over - 0 runs, 1 hit, 0 errors, 0 left on base; San Francisco 1 - Miami 5
BOTTOM OF THE 6TH
Miami Marlins batting - Pitching for San Francisco Giants : RHP Richard Dooley
Batting: LHB José Romero 0-0: Called Strike
0-1: Ball
1-1: Fly out, F7 (Flyball, 78M, EV 98.8 MPH)
Batting: RHB Emiel Moree 0-0: Fly out, F7 (Flyball, 7LS, EV 87.5 MPH)
Batting: RHB Chuck Ellis 0-0: Ball
1-0: Foul Ball, location: 2F
1-1: Ball
2-1: Fly out, F7 (Flyball, 7, EV 86.9 MPH)
Bottom of the 6th over - 0 runs, 0 hits, 0 errors, 0 left on base; San Francisco 1 - Miami 5
TOP OF THE 7TH
San Francisco Giants batting - Pitching for Miami Marlins : RHP Raúl Romero
Batting: RHB Rex Tolmie 0-0: Ball
1-0: Fly out, F5 (Popup, 5F, EV 65.0 MPH)
Batting: RHB Rafael Pérez 0-0: Ground out 6-3 (Groundball, 6, EV 77.5 MPH)
Batting: RHB Juan Guzmán 0-0: Called Strike
0-1: Ground out 5-3 (Groundball, 56S, EV 63.1 MPH)
Top of the 7th over - 0 runs, 0 hits, 0 errors, 0 left on base; San Francisco 1 - Miami 5
BOTTOM OF THE 7TH
Miami Marlins batting - Pitching for San Francisco Giants : RHP Richard Dooley
Pitching: RHP Ryan Roberge
Batting: RHB Mike Allen 0-0: Foul Ball, location: 5F
0-1: Swinging Strike
0-2: Ball
1-2: Ball
2-2: Strikes out swinging
Batting: LHB Javier Gonzáles 0-0: Called Strike
0-1: Ball
1-1: SINGLE (Line Drive, 8LS, EV 89.4 MPH)
Batting: LHB Ray Turner 0-0: Ball
1-0: Fly out, F8 (Flyball, 8LM, EV 96.9 MPH)
Batting: RHB Hidetsugu Fujii 0-0: Foul Ball, location: 23F
0-1: Ball
1-1: Foul Ball, location: 2F
1-2: Ball
2-2: Strikes out swinging
Bottom of the 7th over - 0 runs, 1 hit, 0 errors, 1 left on base; San Francisco 1 - Miami 5
TOP OF THE 8TH
San Francisco Giants batting - Pitching for Miami Marlins : RHP Raúl Romero
Pitching: RHP Majhemout Yao
Batting: RHB Elmer Encarnación 0-0: Ball
1-0: Ball
2-0: Foul Ball, location: 5SF
2-1: Ball
3-1: Base on Balls
Batting: RHB John Trevenot 0-0: Called Strike
0-1: Ball
1-1: Reached on error, E5 (Groundball, 15, EV 81.3 MPH)
Elmer Encarnación to second
Pitching: RHP Randolph Waddington
Batting: LHB Donald Barnes 0-0: Ball
1-0: Swinging Strike
1-1: Called Strike
1-2: Strikes out looking
Batting: SHB Jesús Sosa 0-0: 3-RUN HOME RUN (Flyball, 89XD, EV 99.4 MPH), Distance : 406 ft
Batting: LHB Denis Gustafson 0-0: Ball
1-0: Called Strike
1-1: Fly out, F8 (Flyball, 8LXD, EV 110.6 MPH)
Batting: LHB Mel Franklin 0-0: Ball
1-0: Ball
2-0: Foul Ball, location: 7LMF
2-1: Foul Ball, location: 23F
2-2: Foul Ball, location: 23FF
2-2: Foul Ball, location: 3DF
2-2: Ball
3-2: Base on Balls
Batting: RHB Rex Tolmie 0-0: Foul Ball, location: 2F
0-1: Foul Ball, location: 2F
0-2: Ball
1-2: Foul Ball, location: 5DF
1-2: Ball
2-2: Ball
3-2: Base on Balls
Mel Franklin to second
Batting: RHB Rafael Pérez 0-0: Ball
1-0: Called Strike
1-1: Fly out, F8 (Flyball, 89M, EV 80.0 MPH)
Top of the 8th over - 3 runs, 1 hit, 1 error, 2 left on base; San Francisco 4 - Miami 5
BOTTOM OF THE 8TH
Miami Marlins batting - Pitching for San Francisco Giants : RHP Ryan Roberge
Batting: RHB Michael Barnes 0-0: Foul Ball, location: 3F
0-1: Swinging Strike
0-2: Ball
1-2: Strikes out swinging
Batting: LHB Zak Tyack 0-0: Called Strike
0-1: Swinging Strike
0-2: Foul Ball, location: 2F
0-2: Strikes out swinging
Batting: LHB José Romero 0-0: Ball
1-0: Foul Ball, location: 3SF
1-1: Foul Ball, location: 5F
1-2: Strikes out swinging
Bottom of the 8th over - 0 runs, 0 hits, 0 errors, 0 left on base; San Francisco 4 - Miami 5
TOP OF THE 9TH
San Francisco Giants batting - Pitching for Miami Marlins : RHP Randolph Waddington
Now in CF: Francisco Vega
Now in RF: Javier Gonzáles
Batting: RHB Juan Guzmán 0-0: Ball
1-0: Called Strike
1-1: Ball
2-1: Fly out, F8 (Flyball, 8RM, EV 89.4 MPH)
Batting: RHB Elmer Encarnación 0-0: Ball
1-0: Swinging Strike
1-1: Ball
2-1: Foul Ball, location: 5F
2-2: Ground out 4-3 (Groundball, 4, EV 88.8 MPH)
Pitching: RHP Francis Norman
Pinch Hitting: RHB Sean McKinney 0-0: Ball
1-0: Ball
2-0: Ball
3-0: Called Strike
3-1: Base on Balls
Batting: LHB Donald Barnes 0-0: Foul Ball, location: 2F
0-1: Ball
1-1: Foul Ball, location: 2F
1-2: Ball
2-2: Ground out 4-3 (Groundball, 34, EV 90.6 MPH)
Top of the 9th over - 0 runs, 0 hits, 0 errors, 1 left on base; San Francisco 4 - Miami 5
Thursday, April 11th , 2024 - OOTP Baseball 24.10 Build 82